 Dungeon Crawl Stone Soup version 0.21-a0-216-g6d3fd91 (webtiles) character file.

12 potatolord6000 the Vexing (level 2, -3/16 HPs)
             Began as a Deep Elf Arcane Marksman on Aug 23, 2017.
             Slain by a hobgoblin
             ... wielding a +0 club
              (5 damage)
             ... on level 1 of the Dungeon.
             The game lasted 00:01:19 (257 turns).

potatolord6000 the Vexing (Deep Elf Arcane Marksman) Turns: 257, Time: 00:01:20

Health: -3/16      AC:  2    Str:  7    XL:     2   Next: 20%
Magic:  6/6        EV: 13    Int: 17    God:
Gold:   5          SH:  0    Dex: 15    Spells: 3/4 levels left

rFire    . . .     SeeInvis .   a - +0 shortbow
rCold    . . .     Gourm    .   (shield currently unavailable)
rNeg     . . .     Faith    .   e - +0 robe
rPois    .         Spirit   .   (no helmet)
rElec    .         Reflect  .   (no cloak)
rCorr    .         Harm     .   (no gloves)
MR       .....                  (no boots)
Stlth    ++........             b - amulet of magic regeneration
HPRegen  0.05/turn              (no ring)
MPRegen  0.35/turn              (no ring)

@: no status effects
A: no striking features
a: no special abilities


You were on level 1 of the Dungeon.
You were not hungry.

You visited 1 branch of the dungeon, and saw 1 of its levels.

You collected 5 gold pieces.

Inventory:

Hand Weapons
 a - a +0 shortbow (weapon)
Missiles
 d - 6 arrows (quivered)
Armour
 e - a +0 robe (worn)
Jewellery
 b - an amulet of magic regeneration (around neck)
Books
 c - a book of Debilitation

   Spells                             Type                      Level
   a - Corona                         Hexes                        1
   b - Slow                           Hexes                        2
   c - Inner Flame                    Hexes/Fire                   3
   d - Portal Projectile              Hexes/Translocation          3
   e - Cause Fear                     Hexes                        4
   f - Leda's Liquefaction            Hexes/Earth                  4
Comestibles
 f - a bread ration


   Skills:
 + Level 1.0 Fighting
 + Level 2.3 Bows
 + Level 2.7 Dodging
 + Level 1.1 Stealth
 + Level 1.6 Spellcasting
 + Level 4.0 Hexes


You had 3 spell levels left.
You knew the following spells:

 Your Spells              Type           Power        Failure   Level  Hunger
a - Corona                Hex            ###....      3%          1    ##.....


Dungeon Overview and Level Annotations

Branches:
Dungeon (1/15)

Altars:


Message History

You kill the bat!
The hobgoblin hits you with a club.
Firing (i - inventory):
d - 9 arrows (quivered)
Press: ? - help, Shift-Dir - straight line, f - hobgoblin
Aim: a hobgoblin, wielding a club You shoot an arrow.
The arrow hits the hobgoblin.
The hobgoblin is severely wounded.
The hobgoblin misses you.
Firing (i - inventory):
d - 8 arrows (quivered)
Press: ? - help, Shift-Dir - straight line, f/p - hobgoblin
Aim: a hobgoblin, wielding a club (severely wounded)
You shoot an arrow. The arrow barely misses the hobgoblin.
The hobgoblin hits you with a club.
* * * LOW HITPOINT WARNING * * *
Firing (i - inventory):
d - 7 arrows (quivered)
Press: ? - help, Shift-Dir - straight line, f/p - hobgoblin
Aim: a hobgoblin, wielding a club (severely wounded)
You shoot an arrow. The arrow closely misses the hobgoblin.
The hobgoblin hits you with a club.
You die...

################
#...≈.P.PP≈≈≈≈≈P
#...≈..P≈P≈≈P≈≈≈
###.P≈≈≈≈P≈≈≈≈≈P≈≈
#.'.≈..≈≈≈≈≈≈≈≈≈≈≈
#.'.....≈≈≈≈≈≈≈≈≈≈
#.#...P..≈≈≈..≈≈≈≈
#.#...###.≈.##.≈.≈
#@##### ##.####.P.
......g)# ### ####
####.".(. #.##.##
.(. ... .#. #(# .
. .(# .# ###


You could see a hobgoblin.

Vanquished Creatures
  A gnoll (D:1)
  A hobgoblin (D:1)
  A bat (D:1)
  A frilled lizard (D:1)
4 creatures vanquished.

Notes
Turn   | Place    | Note
-------+----------+-------------------------------------------
     0 | D:1      | potatolord6000 the Deep Elf Arcane Marksman began the quest for the Orb.
     0 | D:1      | Reached XP level 1. HP: 11/11 MP: 5/5
   251 | D:1      | Reached skill level 1 in Fighting
   251 | D:1      | Reached skill level 1 in Stealth
   251 | D:1      | Reached XP level 2. HP: 9/16 MP: 6/6
   257 | D:1      | Slain by a hobgoblin

Vault maps used:
D:1:      lightli_arrival_windingriver

Skill      XL: |  1 |
---------------+----+-----
Fighting       | 1 |  1.0
Stealth        | 1 |  1.1
Bows           | |  2.3
Dodging        | |  2.7
Spellcasting   | |  1.6
Hexes          | |  4.0

Action                   || total
-------------------------++-------
Melee: Unarmed           ||   168
       Shortbow          ||    12
 Fire: Shortbow          ||    14
Dodge: Dodged            ||    11

Table legend:
 A = Spawn XP
 B = Non-spawn XP
 C = Spawn XP percentage of total XP
 D = Spawn monster count
 E = Non-spawn monster count
 F = Spawn count percentage of total count
 G = Total turns spent on level
                    A         B        C        D         E        F      G
               +---------+---------+-------+---------+---------+-------+---------
         Total |       0 |      18 |   0.0 |       0 |       4 |   0.0 |   257
               +---------+---------+-------+---------+---------+-------+---------
           D:1 |       0 |      18 |   0.0 |       0 |       4 |   0.0 |   257
               +---------+---------+-------+---------+---------+-------+---------
